 Dungeon Crawl Stone Soup version 0.31-a0-831-g143b1e8 (webtiles) character file.

Game seed: 15423277089167889379

3246 BarneyGumball the Skirmisher (level 9, -8/67 HPs)
             Began as a Demigod Hunter on Sept 24, 2023.
             Mangled by a cyclops (9 damage)
             ... on level 8 of the Dungeon.
             The game lasted 00:18:57 (7228 turns).

BarneyGumball the Skirmisher (Demigod Hunter)       Turns: 7228, Time: 00:18:58

Health: -8/67      AC:  7    Str: 10 (12) XL:     9   Next: 40%
Magic:  11/11      EV: 12    Int: 13 (15) God:
Gold:   444        SH:  0    Dex: 28 (31) Spells: 8/8 levels left

rFire   . . .        v - +1 orcbow
rCold   + . .        (shield currently unavailable)
rNeg    + . .        q - +3 leather armour {rC+}
rPois   .            (helmet restricted)
rElec   .            B - scarf {+Inv}
rCorr   +            (no gloves)
SInv    .            i - +0 pair of boots
Will    +....        (no amulet)
Stlth   +++          h - ring "Nun Ygry" {rN+ rCorr Int+4}
HPRegen 0.31/turn    j - ring of resist corrosion
MPRegen 0.12/turn

%: no passive effects
@: mighty, brilliant, silenced, attractive, enlightened, flying
A: high MP 1, forlorn, divine attributes, horns 1, thin skeletal structure 1
a: Evoke Invisibility


You were on level 8 of the Dungeon.
You visited 1 branch of the dungeon, and saw 8 of its levels.

You collected 444 gold pieces.

Inventory:

Hand Weapons
 a - a +0 shortbow of freezing
 v - a +1 orcbow (weapon)
Armour
 e - a +0 helmet
 i - a +0 pair of boots (worn)
 q - a +3 leather armour of cold resistance (worn)
 B - a scarf of invisibility (worn)
Jewellery
 h - the ring "Nun Ygry" (left hand) {rN+ rCorr Int+4}
   (You acquired it on level 4 of the Dungeon)

   [ring of positive energy]

   Int+4:     It affects your intelligence (+4).
   rN+:       It protects you from negative energy.
   rCorr:     It protects you from acid and corrosion.
 j - a ring of resist corrosion (right hand)
Wands
 b - a wand of polymorph (6)
 g - a wand of acid (7)
 t - a wand of charming (12)
Scrolls
 m - a scroll of revelation
 n - 2 scrolls of identify
Potions
 f - a potion of curing
 l - 2 potions of enlightenment
 p - 2 potions of attraction
 u - a potion of ambrosia {unknown}
 A - a potion of berserk rage {unknown}


   Skills:
 - Level 1.7 Fighting
 + Level 12.7 Ranged Weapons
 - Level 1.7 Dodging
 - Level 3.0 Stealth


You had 8 spell levels left.
You didn't know any spells.
Your spell library contained the following spells:

 Spells                   Type           Power      Damage    Failure   Level
 Magic Dart               Conj           0%         1d3       38%         1
 Necrotise                Necr           0%         1d4       38%         1
 Searing Ray              Conj           0%         2d4       54%         2
 Vampiric Draining        Necr           0%         2d6       77%         3
 Fulminant Prism          Conj/Hex       0%         3d5       99%         4
 Agony                    Necr           0%         N/A       100%        5


Dungeon Overview and Level Annotations

Branches:
Dungeon (8/15)             Temple (0/1) D:6
   Lair: D:8-11

Annotations:
D:2 Sigmund
D:4 Dowan, Duvessa


Innate Abilities, Weirdness & Mutations

You have an increased reservoir of magic. (+10% MP)
You shall have no god before yourself.
Your divine heritage dramatically boosts your attributes as you level up.
You have a pair of small horns on your head.
You have a somewhat thin skeletal structure. (Dex +2, Stealth+)


Message History

The arrow hits the wolf but does no damage.
The wolf is moderately wounded.
The wolf bites you but does no damage. The wolf bites you.
The cyclops hits you but does no damage.
It was a potion of enlightenment.
You feel very buoyant.
You fly up into the air.
The wolf barely misses you.
An orc wizard comes into view. It is wielding a +0 dagger.
The wolf bites you.
* * * LOW HITPOINT WARNING * * *
It was a potion of attraction.
You feel attractive to monsters. The wolf bites you but does no damage.
A wyvern comes into view.
The cyclops completely misses you. The orc wizard is attracted toward you.
The wyvern is attracted toward you.
It was a potion of degeneration.
There was something very wrong with that liquid.
You feel weakened.
You feel dopey.
You feel clumsy. The wolf bites you!
* * * LOW HITPOINT WARNING * * *
The wolf closely misses you.
A killer bee comes into view.
The cyclops grins.
The cyclops hits you but does no damage.
The killer bee is attracted toward you.
It was a potion of might.
You feel very mighty all of a sudden. The wolf closely misses you.
The wolf barely misses you.
It was a potion of mutation.
You feel extremely strange.
Your bones become slightly less dense.
A pair of horns grows on your head!
Your +0 helmet falls away!
The wolf bites you.
* * * LOW HITPOINT WARNING * * *
The cyclops closely misses you.
It was a potion of brilliance.
You feel clever all of a sudden. The wolf closely misses you.
The wolf bites you!
* * * LOW HITPOINT WARNING * * *
The cyclops hits you!
You die...

.
#.....##....#
#...
#.#####.##...#
#.... #.
##.##..##.....
#.
##.#.........
# #.#.........
#..........#
#Y#..##...#.
##h#..# ...
#@##..# .
#C##.D.# .o#
..## .... ##..
###. ##. .. #
.. ยง.y


You could see a cyclops, an ice beast, a wolf, a killer bee (wandering) and an
orc wizard.

Vanquished Creatures
  2 hornets
  Eustachio (D:4)
  A steam dragon (D:8)
  3 water moccasins
  2 black bears
  An orc warrior (D:7)
  2 sky beasts
  2 ice beasts
  2 centaurs (D:6)
  4 scorpions
  5 wights (D:7)
  A howler monkey (D:7)
  A gnoll bouda (D:8)
  A jelly (D:4)
  4 hounds
  3 sleepcaps
  An iguana (D:6)
  Ijyb (D:4)
  Terence (D:3)
  Natasha (thrice) (D:4)
  3 orc wizards
  Robin (D:4)
  5 gnolls
  8 adders
  A white imp (D:8)
  2 worms
  2 dart slugs (D:2)
  14 orcs
  11 ball pythons
  8 bats
  6 endoplasms
  5 giant cockroaches
  8 goblins
  8 hobgoblins
  5 jackals
  4 kobolds
  2 quokkas
  4 frilled lizards
  7 rats
145 creatures vanquished.

Vanquished Creatures (collateral kills)
  A black bear (D:6)
  A sky beast (D:6)
  An orc wizard (D:7)
  3 orcs (D:7)
6 creatures vanquished.

Vanquished Creatures (others)
  A centaur (D:8)
1 creature vanquished.

Grand Total: 152 creatures vanquished

Notes
Turn   | Place    | Note
-------+----------+-------------------------------------------
     0 | D:1      | BarneyGumball the Demigod Hunter began the quest for the
                  | Orb.
     0 | D:1      | Reached XP level 1. HP: 17/17 MP: 3/3
    88 | D:1      | Reached skill level 4 in Ranged Weapons
   247 | D:1      | Reached XP level 2. HP: 24/24 MP: 4/4
   745 | D:2      | Noticed Sigmund
   746 | D:2      | Reached XP level 3. HP: 29/29 MP: 5/5
  1012 | D:2      | Reached skill level 5 in Ranged Weapons
  1409 | D:3      | Reached XP level 4. HP: 36/36 MP: 6/6
  1462 | D:3      | Noticed Terence
  1482 | D:3      | Killed Terence
  2117 | D:4      | Noticed Natasha
  2261 | D:4      | Noticed Eustachio
  2370 | D:4      | Noticed Robin
  2435 | D:4      | Killed Robin
  2578 | D:4      | Killed Eustachio
  2579 | D:4      | Reached skill level 6 in Ranged Weapons
  2579 | D:4      | Reached XP level 5. HP: 32/41 MP: 7/7
  2699 | D:4      | Reached XP level 6. HP: 48/48 MP: 8/8
  2709 | D:4      | Noticed Duvessa
  2709 | D:4      | Noticed Dowan
  2788 | D:4      | Noticed Ijyb
  2810 | D:4      | Killed Ijyb
  2811 | D:4      | Reached skill level 7 in Ranged Weapons
  2811 | D:4      | Reached skill level 1 in Stealth
  2958 | D:4      | Noticed a hornet
  3288 | D:4      | Killed Natasha
  3322 | D:4      | Noticed Natasha
  3329 | D:4      | Killed Natasha
  3369 | D:4      | You fall into a shaft and drop 3 floors!
  3684 | D:7      | Noticed a water moccasin
  3837 | D:6      | Reached XP level 7. HP: 42/53 MP: 9/9
  4055 | D:6      | Reached skill level 8 in Ranged Weapons
  4408 | D:6      | Reached skill level 9 in Ranged Weapons
  4430 | D:6      | Reached XP level 8. HP: 29/60 MP: 10/10
  4776 | D:6      | Found a staircase to the Ecumenical Temple.
  4961 | D:5      | Entered Level 5 of the Dungeon
  4968 | D:5      | Reached skill level 10 in Ranged Weapons
  5495 | D:4      | Paralysed by a hornet for 2 turns
  5874 | D:4      | Noticed Natasha
  5876 | D:4      | Killed Natasha
  5878 | D:4      | Identified a scroll of acquirement
  5878 | D:4      | Acquired the ring "Nun Ygry" {rN+ rCorr Int+4}
  5889 | D:4      | Killed a hornet
  5890 | D:4      | Reached skill level 11 in Ranged Weapons
  6526 | D:7      | Reached XP level 9. HP: 38/67 MP: 11/11
  6786 | D:7      | Reached skill level 12 in Ranged Weapons
  7190 | D:8      | Paralysed by a hornet for 2 turns
  7205 | D:8      | Noticed a cyclops
  7227 | D:8      | Gained mutation: You have a somewhat thin skeletal
                  | structure. (Dex +2, Stealth+) [potion of mutation]
  7227 | D:8      | Gained mutation: You have a pair of small horns on your
                  | head. [potion of mutation]
  7228 | D:8      | HP: 1/67 [wolf (8)]
  7228 | D:8      | Mangled by a cyclops

Illustrated notes

Levels and vault maps discovered:
D:1:      shiori_arrival_elements, layout_basic
D:2:      layout_basic, uniq_sigmund
D:3:      layout_basic, mainiacjoe_overflow_cross_hatched,
          nicolae_uskayaw_murder_on_the_dancefloor, uniq_terence
D:4:      kennysheep_spiral_hall, layout_basic, old_standard_altar,
          corexii_corridor_pit, uniq_robin, uniq_eustachio, uniq_natasha,
          uniq_duvessa, uniq_ijyb
D:5:      layout_rooms, minivault_24
D:6:      kennysheep_six_static_rooms, layout_basic, minmay_temple_entry_trees,
          kennysheep_path_1, grunt_decor_clamped
D:7:      layout_basic, led_sif_pool
D:8:      minmay_the_grid_octo_triangle [minmay_the_grid_octo_empty,
          minmay_the_grid_octo_prize_single_spiral, minmay_the_grid_octo_focus],
          layout_loops_cross, grunt_temple_overflow_holy_war,
          hellmonk_lair_entry_icy, uniq_erica, uniq_pikel

Skill      XL: |  1  2  3  4  5  6  7  8  9 |
---------------+----------------------------+-----
Ranged Weapons | 4 5 6 7 9 11 12 | 12.7
Stealth        | 3 |  3.0
Fighting       | |  1.7
Dodging        | |  1.7

Action                     |  1- 3 |  4- 6 |  7- 9 || total
---------------------------+-------+-------+-------++-------
   Fire: Shortbow          |   113 |   183 |    38 ||   334
         Orcbow            |       |       |   192 ||   192
  Evoke: Wand              |       |     2 |       ||     2
    Use: Scroll            |       |     5 |    11 ||    16
         Potion            |       |       |    14 ||    14
 Armour: Leather armour    |    20 |    56 |   105 ||   181
         Skin              |       |    56 |       ||    56
  Dodge: Dodged            |    21 |    58 |    87 ||   166

Table legend: (Time is in decaauts)
 A = Elapsed time spent in this place.
 B = Non-inter-level travel time spent in this place.
 C = Inter-level travel time spent in this place.
 D = Time resting spent in this place.
 E = Time spent auto-exploring this place.
 F = Levels seen in this place.
 G = Mean time per level.
                   A        B        C        D        E       F      G
               +--------+--------+--------+--------+--------+-----+--------+
         Total |   7288 |   6485 |    803 |    372 |   4615 |   8 |  911.0 |
       Dungeon |   7288 |   6485 |    803 |    372 |   4615 |   8 |  911.0 |
               +--------+--------+--------+--------+--------+-----+--------+

Top non-repeatable levels by time:
     D:4: 1678 daAuts
     D:6: 1266 daAuts
     D:3: 1216 daAuts
     D:7: 1209 daAuts
     D:1: 730 daAuts
     D:2: 550 daAuts
     D:5: 441 daAuts
     D:8: 197 daAuts
